 Dungeon Crawl Stone Soup version 0.28.0 (webtiles) character file.

Game seed: 9270771034610999165

19 HallandMoats the Ruffian (level 2, 0/26 HPs)
             Began as a Ghoul Monk on Feb 11, 2022.
             Constricted to death by a ball python (1 damage)
             ... on level 1 of the Dungeon.
             The game lasted 00:00:44 (703 turns).

HallandMoats the Ruffian (Ghoul Monk)                Turns: 703, Time: 00:00:45

Health: 0/26       AC:  2    Str: 14    XL:     2   Next: 75%
Magic:  1/1        EV:  9    Int:  5    God:
Gold:   32         SH:  0    Dex: 11    Spells: 1/1 levels left

rFire   . . .      SeeInvis .     - Unarmed
rCold   + . .      Faith    .   (no shield)
rNeg    + + +      Spirit   .   a - +0 robe
rPois   ∞          Reflect  .   (no helmet)
rElec   .          Harm     .   (no cloak)
rCorr   .          Rampage  .   (no gloves)
Will    .....                   (no boots)
Stlth   ++........              (no amulet)
HPRegen 0.00/turn               (no ring)
MPRegen 0.07/turn               (no ring)

@: inhibited regen, constricted
A: claws 1, cold resistance 1, negative energy resistance 3, inhibited
regeneration, torment resistance 2
a: no special abilities


You were on level 1 of the Dungeon.
You visited 1 branch of the dungeon, and saw 1 of its levels.

You collected 32 gold pieces.

Inventory:

Hand Weapons
 c - a +0 short sword of venom
Armour
 a - a +0 robe (worn)
 b - a +0 pair of gloves
Potions
 d - a potion of attraction {unknown}


   Skills:
 * Level 3.5 Fighting
 * Level 0.6 Armour
 * Level 2.9 Dodging
 - Level 2.1 Stealth
 * Level 3.5 Unarmed Combat
 + Level 0.5 Invocations


You had one spell level left.
You didn't know any spells.
Your spell library contained the following spells:

 Spells                   Type           Power      Damage    Failure   Level
 Tukima's Dance           Hex            0%         N/A       85%         3
 Anguish                  Hex/Necr       0%         N/A       99%         4
 Enfeeble                 Hex            0%         N/A       100%        7


Dungeon Overview and Level Annotations

Branches:
Dungeon (1/15)

Altars:


Innate Abilities, Weirdness & Mutations

You thrive by killing the living.
You are immune to poison.
You have sharp fingernails.
Your flesh is cold resistant. (rC+)
You are immune to negative energy. (rN+++)
You do not regenerate when monsters are visible.
You are immune to unholy pain and torment.


Message History

You are too injured to fight recklessly!
You are too injured to fight recklessly!
You are too injured to fight recklessly!
You are too injured to fight recklessly!
You are too injured to fight recklessly!
You are too injured to fight recklessly!
You are too injured to fight recklessly!
You are too injured to fight recklessly!
You are too injured to fight recklessly!
You are too injured to fight recklessly!
You are too injured to fight recklessly!
You are too injured to fight recklessly!
You are too injured to fight recklessly!
You are too injured to fight recklessly!
You are too injured to fight recklessly!
You escape the ball python's grasp.
Found 3 scrolls labelled GISCHOOWENE.
The ball python barely misses you. x4; The endoplasm closely misses you.
A rat comes into view.
The kobold hits you with a +0 short sword.
The ball python bites you.
* * * LOW HITPOINT WARNING * * *
The ball python grabs you. The ball python constricts you.
* * * LOW HITPOINT WARNING * * *
You escape the ball python's grasp.
The ball python barely misses you. The ball python grabs you.
The ball python constricts you.
* * * LOW HITPOINT WARNING * * *
You escape the ball python's grasp.
The ball python bites you.
* * * LOW HITPOINT WARNING * * *
The ball python grabs you. The ball python constricts you.
You escape the ball python's grasp.
The ball python bites you.
* * * LOW HITPOINT WARNING * * *
The ball python closely misses you. The ball python misses you.
The ball python barely misses you. The ball python bites you.
* * * LOW HITPOINT WARNING * * *
The ball python grabs you. The ball python constricts you.
You die...

#.....#.#........# .....# #
#####.##.#.#...#...###..##.# #
..........#.....).........####
.............÷.............>
#.##)K...##...÷.)....#.##.#
#######†....##K##.#....##.....#..
.......))##.##.##....#.# #....#..
.............#.##....#.#####.....
..........####.S@................
.............######...#..###....#
.................................
.#######.......##....##..#......#
....# #.......##.#.#...........#
....# #.......##......#.#....#.#
....# #.......######..#..##..#.#
....# #.......# ##..#..÷...#.#
....####.......# #..........#.#


You could see a ball python.

Vanquished Creatures
  An endoplasm (D:1)
  3 goblins (D:1)
  2 hobgoblins (D:1)
  3 kobolds (D:1)
  3 quokkas (D:1)
  2 ball pythons (D:1)
  3 frilled lizards (D:1)
17 creatures vanquished.

Notes
Turn   | Place    | Note
-------+----------+-------------------------------------------
     0 | D:1      | HallandMoats the Ghoul Monk began the quest for the Orb.
     0 | D:1      | Reached XP level 1. HP: 19/19 MP: 0/0
   243 | D:1      | Reached XP level 2. HP: 19/26 MP: 1/1
   703 | D:1      | HP: 1/26 [ball python (1)]
   703 | D:1      | Constricted to death by a ball python

Illustrated notes

Levels and vault maps discovered:
D:1:      heliophobic_arrival_ceremonial_halls, layout_basic, serial_shops, shop

Action                   || total
-------------------------++-------
Melee: Unarmed           ||    57
       Punch             ||     1
Armor: Robe              ||    11
Dodge: Dodged            ||    53
